 Dungeon Crawl Stone Soup version 0.31-a0-149-g3fdcc5976a (webtiles) character file.

Game seed: 7735035060513916556

4897 qw the Skirmisher (level 10, 0/90 HPs)
             Began as a Minotaur Hunter on June 7, 2023.
             Was a Believer of Okawaru.
             Slain by a boulder beetle (8 damage)
             ... on level 1 of the Lair of Beasts.
             The game lasted 00:02:20 (7137 turns).

qw the Skirmisher (Minotaur Hunter)                 Turns: 7137, Time: 00:02:21

Health: 0/90       AC:  9    Str: 16    XL:     10   Next: 26%
Magic:  14/15      EV: 16    Int:  6    God:    Okawaru [**....]
Gold:   461        SH:  0    Dex: 18    Spells: 9/9 levels left

rFire   . . .        Y - +3 shortbow (flame)
rCold   . . .        (shield currently unavailable)
rNeg    + . .        j - +0 ring mail
rPois   .            (helmet restricted)
rElec   .            q - scarf {repulsion}
rCorr   +            b - +0 pair of gloves
SInv    .            o - +0 pair of boots
Will    .....        e - amulet of faith
Stlth   +++          n - ring of resist corrosion
HPRegen 0.35/turn    l - ring of positive energy
MPRegen 0.14/turn

%: repel missiles, faith
@: about to teleport, heroic
A: horns 2, retaliatory headbutt
a: Renounce Religion, Heroism


You were on level 1 of the Lair of Beasts.
You worshipped Okawaru.
Okawaru was pleased with you.
You visited 3 branches of the dungeon, and saw 10 of its levels.

You collected 659 gold pieces.
You spent 198 gold pieces at shops.


Innate Abilities, Weirdness & Mutations

You have a pair of horns on your head.
You reflexively headbutt those who attack you in melee.


   Skills:
 + Level 8.8(13.8) Fighting
 - Level 13.3(18.3) Ranged Weapons
 - Level 4.1(9.1) Armour
 - Level 5.0(10.0) Dodging
 - Level 0.7(5.7) Stealth
 - Level 8.4 Invocations


You had 9 spell levels left.
You didn't know any spells.
Your spell library was empty.

Inventory:

Hand Weapons
 Y - a +3 shortbow of flaming (weapon)
Armour
 b - a +0 pair of gloves (worn)
 j - a +0 ring mail (worn)
 o - a +0 pair of boots (worn)
 p - a +0 cloak
 q - a scarf of repulsion (worn)
Jewellery
 e - an amulet of faith (around neck)
 l - a ring of positive energy (right hand)
 n - a ring of resist corrosion (left hand)
Scrolls
 h - a scroll of identify
Potions
 a - a potion of haste
 c - 4 potions of curing
 d - a potion of might
 f - a potion of attraction {unknown}
 i - a potion of resistance
 k - a potion of enlightenment {unknown}
 m - a potion of mutation {unknown}
 r - a potion of degeneration {unknown}

Dungeon Overview and Level Annotations

Branches:
Dungeon (8/15)             Temple (1/1) D:5            Lair (1/5) D:8

Altars:
Ashenzari
Cheibriados
Dithmenos
Elyvilon
Fedhas
Gozag
Hepliaklqana
Kikubaaqudgha
Makhleb
Nemelex Xobeh
Okawaru
Qazlal
Ru
Sif Muna
Trog
Uskayaw
Vehumet
Wu Jian
Xom
Yredelemnul
Zin
The Shining One

Shops:
D:8 *

Annotations:
D:4 1 runed translucent door, Crazy Yiuf


Message History

The boulder beetle bites you!
You shoot an arrow.
The arrow barely misses the boulder beetle.
You shoot an arrow.
The arrow barely misses the boulder beetle.
The boulder beetle leaps!
You shoot an arrow. The arrow hits the boulder beetle!
The arrow burns the boulder beetle.
The boulder beetle is moderately wounded.
You shoot an arrow. The arrow hits the boulder beetle.
The arrow burns the boulder beetle.
The boulder beetle is moderately wounded.
The boulder beetle curls into a ball and begins rolling!
You shoot an arrow.
The arrow hits the boulder beetle but does no damage.
The boulder beetle is moderately wounded.
You shoot an arrow.
The arrow hits the boulder beetle but does no damage.
The boulder beetle is moderately wounded.
You shoot an arrow.
The arrow hits the boulder beetle but does no damage.
The boulder beetle is moderately wounded.
You shoot an arrow.
The arrow hits the boulder beetle but does no damage.
The boulder beetle is moderately wounded.
The boulder beetle hits you!!!
The boulder beetle stops rolling and uncurls.
You shoot an arrow. The arrow hits the boulder beetle!
The arrow burns the boulder beetle.
The boulder beetle is heavily wounded.
The boulder beetle bites you!
7136 ||| READING scroll of teleportation.
As you read the scroll of teleportation, it crumbles to dust.
You feel strangely unstable. The boulder beetle bites you.
You shoot an arrow. The arrow hits the boulder beetle.
The arrow burns the boulder beetle.
The boulder beetle is heavily wounded.
The boulder beetle bites you!
You die...

###....#
#.#....##
##......# #
##....#..# ).
##....###......
###...)## ###...#
#.......##......#
#....#...#....#P
#....###.<@B..#
#......# ##....##
......### #....##
.....## #.....#
#.... #....$##
##### #....###
#....# ....#


You could see a boulder beetle.

Vanquished Creatures
  A komodo dragon (D:8)
  3 wyverns (D:8)
  A steam dragon (D:8)
  A basilisk (D:8)
  Menkaure (D:4)
  4 water moccasins
  An orc warrior (D:8)
  Duvessa (D:6)
  3 ogres
  A black bear (D:6)
  2 phantoms
  2 bullfrogs
  2 scorpions (D:5)
  Dowan (D:6)
  6 killer bees (D:8)
  4 howler monkeys
  A gnoll bouda (D:8)
  3 hounds
  An iguana (D:6)
  A sleepcap (D:8)
  Ijyb (D:4)
  2 orc wizards (D:8)
  A hound skeleton (D:3)
  A howler monkey zombie (D:3)
  4 gnolls (D:8)
  9 adders
  An ufetubus (D:6)
  An adder skeleton (D:3)
  2 adder zombies (D:3)
  2 worms (D:3)
  14 orcs
  4 endoplasms
  3 giant cockroaches
  8 goblins
  9 hobgoblins
  3 jackals (D:1)
  4 quokkas
  5 ball pythons
  A ball python skeleton (D:3)
  A ball python zombie (D:3)
  2 bats
  2 frilled lizards
  A jackal skeleton (D:3)
  3 kobolds
  4 rats
128 creatures vanquished.

Notes
Turn   | Place    | Note
-------+----------+-------------------------------------------
     0 | D:1      | qw the Minotaur Hunter began the quest for the Orb.
     0 | D:1      | Reached XP level 1. HP: 18/18 MP: 0/0
     0 | D:1      | 0 ||| qw: Version: 0.2-a-117-gc6b5c8b
     0 | D:1      | 0 ||| qw: Game counter: 2599
     0 | D:1      | 0 ||| qw: Always use a shield: true
     0 | D:1      | 0 ||| qw: God list: Okawaru
     0 | D:1      | 0 ||| qw: Allow faded altars: false
     0 | D:1      | 0 ||| qw: Do Orc after D:15 true
     0 | D:1      | 0 ||| qw: Do second Lair branch before Depths: true
     0 | D:1      | 0 ||| qw: Lair rune preference: random
     0 | D:1      | 0 ||| qw: Plans: Normal
     0 | D:1      | 0 ||| PLANNING D:1-11
   153 | D:1      | Reached XP level 2. HP: 24/25 MP: 1/1
   211 | D:1      | Reached skill level 5 in Ranged Weapons
   599 | D:1      | Reached skill level 3 in Fighting
   762 | D:1      | 762 ||| UPGRADING to +0 ring mail.
   772 | D:1      | 772 ||| DROPPING +0 leather armour.
   773 | D:1      | 773 ||| READING scroll labelled WEIRUHARIZ.
   774 | D:1      | 774 ||| READING scroll labelled QIAPLI BAT.
   775 | D:1      | 775 ||| READING 2 scrolls labelled GETAPUEGEO.
   776 | D:1      | 776 ||| READING scroll of brand weapon.
   776 | D:1      | 776 ||| BRANDING +0 shortbow of draining.
   777 | D:1      | 777 ||| DROPPING scroll of butterflies.
   986 | D:2      | Found a faded altar of an unknown god.
  1116 | D:2      | Reached skill level 1 in Armour
  1116 | D:2      | Reached XP level 3. HP: 31/31 MP: 2/2
  1134 | D:2      | 1134 ||| READING scroll labelled JOMIH LOVA.
  1135 | D:2      | 1135 ||| READING scroll labelled XELAEMN VUMOI.
  1136 | D:2      | 1136 ||| READING 2 scrolls labelled EDUGISTUGUMI.
  1137 | D:2      | 1137 ||| DRINKING 2 metallic golden potions.
  1138 | D:2      | 1138 ||| DROPPING scroll of blinking.
  1140 | D:2      | 1140 ||| Stepping ~*~*~tactically~*~*~ (cloud).
  1406 | D:3      | Reached XP level 4. HP: 38/38 MP: 3/3
  1417 | D:3      | Noticed a water moccasin
  1428 | D:3      | Killed a water moccasin
  1429 | D:3      | Reached skill level 7 in Ranged Weapons
  1429 | D:3      | Reached XP level 5. HP: 16/45 MP: 4/4
  1743 | D:3      | Reached XP level 6. HP: 40/53 MP: 5/5
  1814 | D:3      | Identified the +6 falchion of Due Proportion {distort,
                  | Fragile rPois rN+++ Dex+3}
  2014 | D:4      | Noticed Menkaure
  2019 | D:4      | Killed Menkaure
  2115 | D:4      | Reached skill level 8 in Ranged Weapons
  2509 | D:4      | Found a glowing golden altar of the Shining One.
  2509 | D:4      | Found a burning altar of Makhleb.
  2560 | D:4      | Noticed Ijyb
  2565 | D:4      | 2565 ||| DRINKING potion of curing.
  2565 | D:4      | 2565 ||| (to cure confusion)
  2567 | D:4      | Killed Ijyb
  2568 | D:4      | Reached XP level 7. HP: 60/60 MP: 6/6
  2692 | D:4      | Found a runed translucent door.
  2693 | D:4      | Noticed Crazy Yiuf
  3023 | D:4      | 3023 ||| UPGRADING to +0 pair of gloves.
  3028 | D:4      | 3028 ||| UPGRADING to +0 pair of boots.
  3033 | D:4      | 3033 ||| UPGRADING to ring of resist corrosion.
  3034 | D:4      | 3034 ||| READING scroll labelled RAMEAK GOIH.
  3035 | D:4      | 3035 ||| READING scroll labelled NAUDECVO YSEULOTI.
  3036 | D:4      | 3036 ||| READING scroll labelled YNIUMEGUHO.
  3037 | D:4      | 3037 ||| READING scroll labelled OPIOLOESHRA.
  3038 | D:4      | 3038 ||| READING 3 scrolls of identify.
  3038 | D:4      | 3038 ||| IDENTIFYING sedimented yellow potion
  3039 | D:4      | 3039 ||| READING 2 scrolls of identify.
  3039 | D:4      | 3039 ||| IDENTIFYING coppery potion
  3074 | D:5      | Entered Level 5 of the Dungeon
  3096 | D:5      | Reached skill level 3 in Armour
  3156 | D:5      | Found a staircase to the Ecumenical Temple.
  3158 | D:5      | 3158 ||| PLANNING TEMPLE
  3164 | D:5      | Reached skill level 3 in Dodging
  3172 | Temple   | Entered the Ecumenical Temple
  3193 | Temple   | 3193 ||| PLANNING OKAWARU WORSHIP
  3291 | Temple   | Became a worshipper of Warmaster Okawaru
  3291 | Temple   | 3291 ||| PLANNING D:1-11
  3685 | D:5      | Reached skill level 9 in Ranged Weapons
  3846 | D:5      | 3846 ||| READING scroll labelled ECUMEP FUDO.
  3847 | D:5      | 3847 ||| DRINKING 2 cyan potions.
  3969 | D:6      | Reached skill level 6 in Fighting
  3969 | D:6      | Reached XP level 8. HP: 70/70 MP: 7/7
  4117 | D:6      | Noticed Dowan
  4118 | D:6      | Noticed Duvessa
  4129 | D:6      | Killed Dowan
  4129 | D:6      | Reached * piety under Okawaru
  4130 | D:6      | 4130 ||| INVOKING Heroism.
  4132 | D:6      | HP: 14/70 [Duvessa/+3 short sword of protection (7)]
  4133 | D:6      | 4133 ||| DRINKING potion of heal wounds.
  4134 | D:6      | Killed Duvessa
  4135 | D:6      | Reached skill level 10 in Ranged Weapons
  4302 | D:6      | Reached skill level 1 in Invocations
  4319 | D:6      | 4319 ||| INVOKING Heroism.
  4563 | D:6      | Found a radiant altar of Vehumet.
  4565 | D:6      | 4565 ||| FLEEEEING.
  4613 | D:6      | 4613 ||| READING scroll of enchant weapon.
  4613 | D:6      | 4613 ||| ENCHANTING +1 shortbow of flaming.
  4825 | D:6      | Found a hazy altar of Hepliaklqana.
  4866 | D:6      | 4866 ||| READING scroll labelled YKOFOZX JUOMOI.
  4869 | D:6      | 4869 ||| READING 2 scrolls of identify.
  4869 | D:6      | 4869 ||| IDENTIFYING murky black potion
  4870 | D:6      | 4870 ||| DRINKING potion of experience.
  4870 | D:6      | Reached skill level 13 in Ranged Weapons
  4870 | D:6      | Reached XP level 9. HP: 79/79 MP: 8/14
  5139 | D:7      | 5139 ||| READING scroll of enchant weapon.
  5139 | D:7      | 5139 ||| ENCHANTING +2 shortbow of flaming.
  5806 | D:7      | 5806 ||| UPGRADING to amulet of faith.
  5811 | D:7      | 5811 ||| READING 2 scrolls of identify.
  5811 | D:7      | 5811 ||| IDENTIFYING metallic coppery potion
  5930 | D:8      | Found an ancient bone altar of Kikubaaqudgha.
  5931 | D:8      | Found an opulent altar of Gozag.
  6202 | D:8      | 6202 ||| INVOKING Heroism.
  6208 | D:8      | Reached XP level 10. HP: 57/88 MP: 12/15
  6240 | D:8      | 6240 ||| FLEEEEING.
  6241 | D:8      | 6241 ||| FLEEEEING.
  6242 | D:8      | 6242 ||| FLEEEEING.
  6243 | D:8      | 6243 ||| FLEEEEING.
  6244 | D:8      | 6244 ||| FLEEEEING.
  6245 | D:8      | 6245 ||| FLEEEEING.
  6246 | D:8      | 6246 ||| FLEEEEING.
  6247 | D:8      | 6247 ||| FLEEEEING.
  6248 | D:8      | 6248 ||| FLEEEEING.
  6249 | D:8      | 6249 ||| FLEEEEING.
  6250 | D:8      | 6250 ||| FLEEEEING.
  6251 | D:8      | 6251 ||| FLEEEEING.
  6252 | D:8      | 6252 ||| FLEEEEING.
  6253 | D:8      | 6253 ||| FLEEEEING.
  6254 | D:8      | 6254 ||| FLEEEEING.
  6255 | D:8      | 6255 ||| FLEEEEING.
  6256 | D:8      | 6256 ||| FLEEEEING.
  6257 | D:8      | 6257 ||| FLEEEEING.
  6260 | D:8      | 6260 ||| FLEEEEING.
  6261 | D:8      | 6261 ||| FLEEEEING.
  6262 | D:8      | 6262 ||| FLEEEEING.
  6263 | D:8      | 6263 ||| FLEEEEING.
  6264 | D:8      | 6264 ||| FLEEEEING.
  6265 | D:8      | 6265 ||| FLEEEEING.
  6266 | D:8      | 6266 ||| FLEEEEING.
  6268 | D:8      | 6268 ||| FLEEEEING.
  6269 | D:8      | 6269 ||| FLEEEEING.
  6270 | D:8      | 6270 ||| FLEEEEING.
  6274 | D:8      | 6274 ||| FLEEEEING.
  6275 | D:8      | 6275 ||| FLEEEEING.
  6276 | D:8      | 6276 ||| FLEEEEING.
  6277 | D:8      | 6277 ||| FLEEEEING.
  6278 | D:8      | 6278 ||| FLEEEEING.
  6279 | D:8      | 6279 ||| FLEEEEING.
  6280 | D:8      | 6280 ||| FLEEEEING.
  6285 | D:8      | 6285 ||| STAIRDANCE
  6407 | D:7      | 6407 ||| UPGRADING to ring of positive energy.
  6410 | D:8      | 6410 ||| INVOKING Heroism.
  6415 | D:8      | Reached ** piety under Okawaru
  6580 | D:8      | 6580 ||| INVOKING Heroism.
  6628 | D:8      | 6628 ||| INVOKING Heroism.
  6729 | D:8      | Found Jooq's Neck Hole.
  6735 | D:8      | 6735 ||| BUYING +0 cloak (54 gold).
  6735 | D:8      | Bought a +0 cloak for 54 gold pieces
  6735 | D:8      | 6735 ||| BUYING scarf of repulsion (144 gold).
  6735 | D:8      | Bought a scarf of repulsion for 144 gold pieces
  7000 | D:8      | Found a staircase to the Lair.
  7054 | D:8      | 7054 ||| PLANNING LAIR
  7054 | D:8      | 7054 ||| UPGRADING to +0 cloak.
  7059 | D:8      | 7059 ||| UPGRADING to scarf of repulsion.
  7091 | Lair:1   | Entered Level 1 of the Lair of Beasts
  7120 | Lair:1   | Noticed a boulder beetle
  7121 | Lair:1   | 7121 ||| INVOKING Heroism.
  7135 | Lair:1   | HP: 13/90 [boulder beetle (17)]
  7136 | Lair:1   | 7136 ||| READING scroll of teleportation.
  7137 | Lair:1   | Slain by a boulder beetle

Levels and vault maps discovered:
D:1:      minmay_arrival_nine_rooms, layout_basic
D:2:      layout_rooms, shapermc_ecumenical_altar_venn
D:3:      layout_basic, serial_undead, serial_undead_c, serial_undead_d,
          serial_undead_d, serial_undead_e
D:4:      layout_basic, nicolae_overflow_two_pavilions,
          kennysheep_generic_room_5, uniq_crazy_yiuf_cottage, uniq_menkaure,
          uniq_ijyb
D:5:      layout_rooms, minmay_temple_entry_sparse_star, serial_corexii_hall,
          corexii_hall_statues_l, chequers_hall_statues_wall_a,
          corexii_hall_statues_l, chequers_hall_statues_wall_a
D:6:      layout_loops_ring, kennysheep_mini, vehumet_altar_wand_db,
          uniq_duvessa
D:7:      layout_loops_corners, minmay_holes, minmay_misc_feat_encased,
          fountainhead, minmay_misc_feat_enclosed
D:8:      layout_loops_ring, gammafunk_temple_overflow_statue, erik_lair_dragon,
          nicolae_shop_sticking_my_neck_out
Temple:   kb_temple_of_zot
Lair:1:   layout_concentric_octagons, grunt_megastairs_1

Skill      XL: |  1  2  3  4  5  6  7  8  9 10 |
---------------+-------------------------------+-----
Ranged Weapons | 5 7 8 9 13 | 13.3
Fighting       | 3 4 6 7 8 |  8.8
Armour         | 1 3 4 |  4.1
Dodging        | 3 4 5 |  5.0
Invocations    | 8 |  8.4
Stealth        | |  0.7

Action                     |  1- 3 |  4- 6 |  7- 9 | 10-12 || total
---------------------------+-------+-------+-------+-------++-------
   Fire: Shortbow          |   104 |    91 |   184 |    82 ||   461
 Invoke: Heroism           |       |       |     3 |     4 ||     7
    Use: Scroll            |     7 |       |    12 |     1 ||    20
         Potion            |     1 |     1 |     3 |       ||     5
 Armour: Leather armour    |     6 |       |       |       ||     6
         Ring mail         |     8 |    13 |    27 |    15 ||    63
  Dodge: Dodged            |    29 |    25 |    46 |    43 ||   143

Table legend:
 A = Non-vault XP
 B = Vault XP
 C = Vault XP percentage of total XP
 D = Non-vault monster count
 E = Vault monster count
 F = Vault count percentage of total count
                 A         B        C        D         E       F
            +---------+---------+-------+---------+---------+-------
      Total |    3003 |    1814 |  37.7 |     107 |      21 |  16.4
            +---------+---------+-------+---------+---------+-------
        D:1 |      33 |       0 |   0.0 |      20 |       0 |   0.0
        D:2 |       8 |       0 |   0.0 |       5 |       0 |   0.0
        D:3 |     297 |      55 |  15.6 |      23 |       8 |  25.8
        D:4 |     158 |     225 |  58.7 |      12 |       4 |  25.0
        D:5 |     614 |       0 |   0.0 |       9 |       0 |   0.0
        D:6 |     648 |     204 |  23.9 |      10 |       3 |  23.1
        D:7 |     254 |       0 |   0.0 |       5 |       0 |   0.0
        D:8 |     991 |    1330 |  57.3 |      23 |       6 |  20.7
            +---------+---------+-------+---------+---------+-------
